 Dungeon Crawl Stone Soup version 0.30.1-4-g462c640d31 (webtiles) character file.

Game seed: 8825262796373175640

6903 Descartes the Trooper (level 11, -11/58 HPs)
             Began as a Vine Stalker Fighter on Aug 20, 2023.
             Was a Believer of Cheibriados.
             Mangled by an orc warrior
             ... wielding a +0 glaive
              (23 damage)
             ... in a bailey on Aug 24, 2023.
             The game lasted 00:18:43 (6907 turns).

Descartes the Trooper (Vine Stalker Fighter)        Turns: 6907, Time: 00:18:44

Health: -11/58     AC: 12    Str: 29    XL:     11   Next: 6%
Magic:  0/30       EV: 10    Int: 19    God:    Cheibriados [**....]
Gold:   577        SH:  6    Dex: 18    Spells: 23/23 levels left

rFire   . . .        B - +4 demon whip (elec)
rCold   . . .        c - +0 buckler
rNeg    . . .        f - +0 acid dragon scales
rPois   .            G - +0 helmet
rElec   .            (no cloak)
rCorr   +            (no gloves)
SInv    .            u - +2 pair of boots
Will    +....        l - amulet of the acrobat
Stlth   +            y - +6 ring of intelligence
HPRegen 1.09/turn    Q - ring of magical power
MPRegen 0.22/turn

%: acrobat, guardian spirit
@: very slow
A: fangs 3, regeneration 1, magic shield, antimagic bite, no potion heal 2
a: Renounce Religion, Bend Time


You were in a bailey.
You worshipped Cheibriados.
Cheibriados was pleased with you.
You visited 2 branches of the dungeon, and saw 9 of its levels.
You also visited: Bailey.

You collected 577 gold pieces.

Inventory:

Hand Weapons
 a - a +0 heavy triple sword
 q - a +1 heavy flail
 B - a +4 demon whip of electrocution (weapon)
 P - a +2 falchion of holy wrath
Missiles
 E - 14 poisoned darts (quivered)
 M - 4 atropa-tipped darts
 O - 5 javelins
Armour
 c - a +0 buckler (worn)
 f - +0 acid dragon scales (worn)
 u - a +2 pair of boots (worn)
 G - a +0 helmet (worn)
Jewellery
 l - an amulet of the acrobat (around neck)
 y - a +6 ring of intelligence (left hand)
 Q - a ring of magical power (right hand)
Wands
 o - a wand of flame (19)
 C - a wand of paralysis (14)
Scrolls
 p - 2 scrolls of enchant armour
 r - 2 scrolls of poison
 w - 2 scrolls of vulnerability
 A - 10 scrolls of teleportation
 D - a scroll of immolation {unknown}
 F - a scroll of amnesia {unknown}
 J - 2 scrolls of blinking
 K - a scroll of fear {unknown}
 L - 2 scrolls of torment
Potions
 d - 2 potions of might
 e - 3 potions of mutation {unknown}
 i - 2 potions of degeneration {unknown}
 j - 7 potions of heal wounds {unknown}
 k - 7 potions of curing {unknown}
 m - 2 potions of haste {unknown}
 n - 2 potions of flight {unknown}
 s - a potion of attraction {unknown}
 v - 2 potions of brilliance {unknown}
 x - 3 potions of ambrosia {unknown}
 z - a potion of berserk rage {unknown}
 I - a potion of invisibility
 N - a potion of resistance {unknown}


   Skills:
 + Level 6.9 Fighting
 - Level 3.0(4.6) Axes
 + Level 5.4(5.8) Maces & Flails
 + Level 6.1 Armour
 + Level 6.8 Shields
 + Level 6.6 Spellcasting
 + Level 6.1 Evocations


You had 23 spell levels left.
You didn't know any spells.
Your spell library contained the following spells:

 Spells                   Type           Power      Damage    Failure   Level
 Magic Dart               Conj           24%        1d4       14%         1
 Searing Ray              Conj           12%        2d4       22%         2
 Inner Flame              Hex/Fire       6%         N/A       41%         3
 Stone Arrow              Conj/Erth      12%        3d7       41%         3
 Animate Armour           Summ/Erth      12%        N/A       82%         4
 Fulminant Prism          Conj/Hex       3%         3d5       82%         4
 Yara's Violent Unravell  Hex/Tmut       3%         3d4       99%         5
 Enfeeble                 Hex            3%         N/A       100%        7
 Malign Gateway           Summ/Tloc      3%         N/A       100%        7
 Lehudib's Crystal Spear  Conj/Erth      3%         10d2      100%        8
 Summon Horrible Things   Summ           3%         N/A       100%        8


Dungeon Overview and Level Annotations

Branches:
Dungeon (8/15)             Temple (1/1) D:7          Bailey (1/1)
   Lair: D:8-11

Altars:
Ashenzari
Cheibriados
Dithmenos
Elyvilon
Fedhas
Gozag
Hepliaklqana
Kikubaaqudgha
Makhleb
Nemelex Xobeh
Okawaru
Qazlal
Ru
Sif Muna
Trog
Uskayaw
Vehumet
Wu Jian
Xom
Yredelemnul
Zin
The Shining One


Innate Abilities, Weirdness & Mutations

You have razor-sharp teeth.
Your natural rate of healing is unusually fast.
When hurt, damage is shared between your health and your magic reserves.
Your bite disrupts and absorbs the magic of your enemies.
Potions cannot restore your health.


Message History

There is an open door, spattered with blood here.
You closely miss the orc knight. Your bite misses the orc knight.
You block the orc knight's attack.
The orc warrior hits you from afar with a +0 glaive.
You hit the orc knight but do no damage.
Your bite misses the orc knight. You hit the orc knight.
Lightning courses through the orc knight!!
Your bite misses the orc knight.
The orc knight is moderately wounded.
The orc knight roars a battlecry!
The orcs go into a battle-frenzy!
The orc warrior hits you from afar with a +0 glaive.
You whack the orc knight!
The orc knight is heavily wounded.
You block the orc knight's attack. You block the orc warrior's attack.
You barely miss the orc knight. Your bite misses the orc knight.
The orc knight is heavily wounded.
You block the orc knight's attack.
The orc warrior hits you from afar with a +0 glaive.
You hit the orc knight but do no damage.
You bite the orc knight, but do no damage.
The orc knight is heavily wounded.
You block the orc knight's attack. You block the orc warrior's attack.
Unknown command.
You hit the orc knight. Your bite misses the orc knight.
The orc knight is heavily wounded.
Unknown command.
You hit the orc knight but do no damage.
Your bite misses the orc knight.
The orc knight is heavily wounded.
The orc knight hits you with a +0 glaive!
The orc warrior hits you from afar with a +0 glaive!!
Unknown command.
You closely miss the orc knight.
The orc knight is heavily wounded.
The orc knight hits you with a +0 glaive!
* * * LOW HITPOINT WARNING * * *
The orc warrior hits you from afar with a +0 glaive!!
You die...

...≈≈.≈≈≈...#########...≈≈≈.≈≈...
...........##.......##...........
..........##..#'#'#..##..........
..........#..##)#)##..#..........
.........##.#########.##.........
.........##.')#:o?#)'.##.........
.........##.###o8.###.##.........
.........##.')#.o.#)'.##.........
.........##.####@####.##.........
..........#..##∩.∩##..##.........
..........##..#'''##.............
...........##.....##.............
...≈≈.≈≈≈...##....##....≈≈≈)≈≈...
..≈≈#.##≈....#######....≈##)#≈≈..
..≈##.∩#≈...............≈#∩)##≈..
..≈#..)).....................#≈..
..≈##.##≈...............≈##.##≈..


You could see an orc knight, an orc warrior (strong) and an orc (strong).

Vanquished Creatures
  2 two-headed ogres
  A manticore (D:7)
  A cyclops (D:7)
  Psyche (D:8)
  A wraith (D:6)
  4 vampire mosquitoes
  An acid dragon (D:8)
  A water moccasin (D:7)
  7 orc warriors
  2 ice beasts
  2 black bears
  3 sky beasts (D:7)
  4 ogres
  5 centaurs
  A gnoll sergeant (D:7)
  4 bullfrogs
  A kobold brigand (D:7)
  2 scorpions
  4 wights
  A howler monkey (D:7)
  A jelly (D:7)
  3 hounds
  7 orc priests
  2 gnoll boudas
  A sleepcap (D:7)
  4 iguanas
  10 orc wizards
  9 gnolls
  9 adders
  3 white imps
  2 ufetubi
  2 worms
  3 dart slugs
  51 orcs
  7 ball pythons
  11 endoplasms
  2 giant cockroaches
  11 goblins
  4 hobgoblins
  2 jackals (D:4)
  A quokka (D:1)
  8 bats
  6 frilled lizards
  11 kobolds
  5 rats
223 creatures vanquished.

Vanquished Creatures (others)
  2 goblins (D:8)
2 creatures vanquished.

Grand Total: 225 creatures vanquished

Notes
Turn   | Place    | Note
-------+----------+-------------------------------------------
     0 | D:1      | Descartes the Vine Stalker Fighter began the quest for the
                  | Orb.
     0 | D:1      | Reached XP level 1. HP: 11/11 MP: 2/2
    57 | D:1      | Reached XP level 2. HP: 16/16 MP: 3/3
   258 | D:1      | Reached XP level 3. HP: 19/19 MP: 4/4
   898 | D:2      | Gained mutation: Your natural rate of healing is unusually
                  | fast. [Vine Stalker growth]
   898 | D:2      | Reached XP level 4. HP: 24/24 MP: 6/6
   927 | D:2      | Reached skill level 1 in Spellcasting
   927 | D:2      | Reached skill level 1 in Evocations
  1324 | D:2      | You fall into a shaft and drop 2 floors!
  1450 | D:4      | Reached XP level 5. HP: 9/28 MP: 2/7
  1895 | D:4      | Reached XP level 6. HP: 32/32 MP: 9/9
  2407 | D:3      | Found a blossoming altar of Fedhas.
  2654 | D:4      | Found an iron altar of Okawaru.
  2809 | D:5      | Entered Level 5 of the Dungeon
  2829 | D:4      | Reached XP level 7. HP: 19/37 MP: 5/11
  3512 | D:5      | Reached skill level 1 in Maces & Flails
  3849 | D:5      | Gained mutation: You have razor-sharp teeth. [Vine Stalker
                  | growth]
  3849 | D:5      | Reached XP level 8. HP: 42/42 MP: 13/13
  4268 | D:6      | Noticed a two-headed ogre
  4294 | D:6      | Killed a two-headed ogre
  4295 | D:6      | Reached skill level 5 in Fighting
  4295 | D:6      | Reached skill level 5 in Shields
  4295 | D:6      | Reached XP level 9. HP: 36/47 MP: 11/16
  4744 | D:7      | Reached skill level 5 in Armour
  4824 | D:7      | Reached skill level 5 in Spellcasting
  4977 | D:7      | Found a staircase to the Ecumenical Temple.
  5114 | D:7      | Found a sacrificial altar of Ru.
  5146 | Temple   | Entered the Ecumenical Temple
  5392 | Temple   | Became a worshipper of Cheibriados the Contemplative
  5514 | D:7      | Reached XP level 10. HP: 53/53 MP: 17/19
  5589 | D:7      | Found a sparkling altar of Nemelex Xobeh.
  5802 | D:7      | Reached skill level 5 in Evocations
  6054 | D:7      | Noticed a manticore
  6060 | D:7      | Noticed a two-headed ogre
  6063 | D:7      | Killed a manticore
  6071 | D:7      | Killed a two-headed ogre
  6075 | D:7      | Noticed a cyclops
  6089 | D:7      | Killed a cyclops
  6093 | D:7      | Reached skill level 5 in Maces & Flails
  6098 | D:7      | Reached * piety under Cheibriados
  6463 | D:8      | Noticed Psyche
  6480 | D:8      | Killed Psyche
  6484 | D:8      | Reached XP level 11. HP: 58/58 MP: 21/21
  6487 | D:8      | Found a flagged portal.
  6503 | D:8      | Reached ** piety under Cheibriados
  6514 | Bailey   | Entered a bailey
  6897 | Bailey   | Noticed an orc knight
  6907 | Bailey   | Mangled by an orc warrior

Illustrated notes

Levels and vault maps discovered:
D:1:      lemuel_arrival_broad_hall, layout_basic, serial_aquarium,
          aquarium_bridge_island_small [aquarium_subvault_small_open,
          aquarium_subvault_wall, aquarium_subvault_bridge,
          aquarium_subvault_balcony, aquarium_subvault_window],
          aquarium_window_3, aquarium_window_fake, aquarium_window_2,
          aquarium_window_1, aquarium_view_2e, aquarium_view_2f,
          aquarium_pool_side, wander_ebering_terrifying_dragon_lair
D:2:      layout_loops_corners, grunt_ministairs_4
D:3:      layout_rooms, marbit_many_paths, roderic_lattice_a, grunt_ministairs_3
D:4:      layout_loops_ring, mainiacjoe_overflow_surrounded_room
D:5:      layout_gridville
D:6:      layout_rooms, minmay_fractal_squares_5
D:7:      minmay_slanted_spiral_squares, layout_loops_corners,
          nemelex_diamond_rough_becter, nicolae_ru_sacrificial_ziggurat,
          minmay_temple_entry_glass, kennysheep_dice
D:8:      layout_cave_pods, enter_bailey_5, gammafunk_ghost_split, serial_glass,
          glass_columns_b, glass_columns_c, skrybe_limestone_x, uniq_psyche
Temple:   regret_index_temple_chain_breaker
Bailey:   bailey_polearm_2, bailey

Skill      XL: |  1  2  3  4  5  6  7  8  9 10 11 |
---------------+----------------------------------+-----
Axes           | 2 3 |  3.0
Shields        | 3 4 5 6 |  6.8
Fighting       | 3 4 5 6 |  6.9
Spellcasting   | 1 2 3 4 5 6 |  6.6
Evocations     | 1 2 3 4 5 6 |  6.1
Armour         | 3 4 5 6 |  6.1
Maces & Flails | 1 3 4 5 |  5.4

Action                     |  1- 3 |  4- 6 |  7- 9 | 10-12 || total
---------------------------+-------+-------+-------+-------++-------
  Melee: War axe           |    71 |    66 |       |       ||   137
         Bite              |    11 |    35 |    44 |    40 ||   130
         Flail             |       |    58 |       |       ||    58
         Demon whip        |       |    11 |   225 |   173 ||   409
    Use: Scroll            |       |       |       |    11 ||    11
   Stab: Sleeping          |       |       |       |     2 ||     2
 Armour: Scale mail        |    41 |    75 |    96 |    23 ||   235
         Acid dragon scale |       |       |       |    27 ||    27
  Dodge: Dodged            |    27 |    95 |   121 |   123 ||   366
  Block: Buckler           |    14 |    54 |    47 |    52 ||   167
